[Event "*** Titled Tuesday Blitz"]
[Site "Chess.com"]
[Date "2020.12.29"]
[Round "3"]
[White "Mischuk_D"]
[Black "guillembaches"]
[Result "1-0"]
[WhiteElo "2662"]
[BlackElo "2462"]
[TimeControl "180+1"]
[EndTime "10:28:56 PST"]
[Termination "Mischuk_D won on time"]

1. e4 c5 2. Nf3 d6 3. d4 cxd4 4. Qxd4 Nc6 5. Qe3 Nf6 6. h3 e6 7. Be2 Be7 8. O-O O-O 9. Rd1 Qc7 10. c4 b6 11. b3 Bb7 12. Bb2 Rad8 13. Nc3 Nd7 14.
Rac1 Qb8 15. Rd2 Rfe8 16. Rcd1 Nce5 17. Nd4 a6 18. Kh1 Qa8 19. f4 Nc6 20. Nf3 Bf8 21. e5 Nc5 22. exd6 Rd7 23. Bf1 Red8 24. Ne5 Rxd6 25. Rxd6 Rxd6 26. Re1 Nxe5 27. fxe5 Rd8 28. b4 Nd7 29. a3 a5 30. b5 Bc5 31. Qf4 Nf8 32. Na4 Ng6 33. Qg3 Rd2 34. Nxc5 bxc5 35. Bc1 Ra2 36. Rd1 h5 37. Kg1 h4 38. Qg5 Nf8 39. Be3 Rxa3 40. Bxc5 Qc8 41. Bxa3 Qe8 42. Bxf8 Qxf8 43. Rd8 1-0

[Event "*** Titled Tuesday Blitz"]
[Site "Chess.com"]
[Date "2020.12.29"]
[Round "3"]
[White "MrTattaglia"]
[Black "LilRag"]
[Result "1-0"]
[WhiteElo "2954"]
[BlackElo "2469"]
[TimeControl "180+1"]
[EndTime "10:28:56 PST"]
[Termination "MrTattaglia won on time"]

1. d3 Nf6 2. Nd2 d5 3. c4 g6 4. Ngf3 Bg7 5. g3 O-O 6. Bg2 c5 7. O-O Nc6 8. Rb1 b6 9. a3 Bb7 10. b4 cxb4 11. axb4 Rc8 12. c5 Nb8 13. d4 Ne4 14.
Bb2 a5 15. bxa5 bxc5 16. dxc5 Bxb2 17. Rxb2 Nxc5 18. Nb3 Nxb3 19. Qxb3 Ba6 20. Qa3 Nc6 21. Ra1 Rb8 22. e3 e6 23. Rb6 Rxb6 24. axb6 Bb7 25.
Qc5 Qb8 26. Nd4 Nxd4 27. exd4 Rc8 28. Qb4 Rc4 29. Qe7 Rc6 30. Rb1 Qc8 31. Bf1 Rc2 32.
h4 h5 33. Ra1 Rb2 34. Qc5 Qc6 35. Qe7 Qxb6 36. Qf6 Qc7 37. Bd3 Kh7 38. Re1 Rd2 39.
Bxg6+ fxg6 40. Rxe6 Qc1+ 41. Kg2 Qc2 42. Re7+ 1-0

[Event "*** Titled Tuesday Blitz"]
[Site "Chess.com"]
[Date "2020.12.29"]
[Round "3"]
[White "Aleksey_Sorokin"]
[Black "Jungle_Jaguar"]
[Result "0-1"]
[WhiteElo "2818"]
[BlackElo "2624"]
[TimeControl "180+1"]
[EndTime "10:28:57 PST"]
[Termination "Jungle_Jaguar won on time"]

1. d4 Nf6 2. c4 g6 3. Nc3 Bg7 4. e4 d6 5. Nf3 O-O 6. Be2 e5 7.
O-O Nc6 8. d5 Ne7 9. Ne1 Nd7 10.
Be3 f5 11. f3 f4 12. Bf2 g5 13.
Nd3 Ng6 14. c5 Nf6 15. Rc1 Rf7 16. cxd6 cxd6 17. Nb5 a6 18. Na7 Bd7 19. Qb3 g4 20.
Bb6 Qb8 21. Nc6 bxc6 22. dxc6 Be6 23. Qb4 Bf8 24. Qa5 gxf3 25. gxf3 Rg7 26. Kh1 Qc8 27.
Nb4 Nh4 28. Bxa6 Qe8 29. c7 Bh3 30. Rg1 Nxf3 31. Nd5 Nxd5 32. Qxd5+ Kh8 33. Rxg7 Kxg7 34. c8=Q Bxc8 35. Qxa8 Qh5 36. Bg1 Ng5 37. Bf1 Bh3 38.
Rc7+ Nf7 39. Bxh3 Qxh3 40. Bf2 f3 41. Rxf7+ Kxf7 0-1

[Event "*** Titled Tuesday Blitz"]
[Site "Chess.com"]
[Date "2020.12.29"]
[Round "3"]
[White "JoAttack"]
[Black "DinaBelenkaya"]
[Result "0-1"]
[WhiteElo "2206"]
[BlackElo "2381"]
[TimeControl "180+1"]
[EndTime "10:28:57 PST"]
[Termination "DinaBelenkaya won on time"]

1. d4 d5 2. c4 dxc4 3. e4 Nf6 4.
Nc3 e5 5. d5 c6 6. Bxc4 cxd5 7.
exd5 Bd6 8. Nge2 O-O 9. O-O a6 10. a4 Nbd7 11. Ng3 Nb6 12. Bb3 Bb4 13. Bg5 h6 14. Bxf6 Qxf6 15. Re1 Bd7 16. Qe2 Rfe8 17. Qe3 Rac8 18. Nge4 Qd8 19. a5 Nc4 20. Bxc4 Rxc4 21. Red1 Bf5 22. d6 Qd7 23. Rd5 f6 24. Rad1 Be6 25. Nc5 Bxc5 26. Rxc5 Rc8 27. Rxc8+ Qxc8 28. Qb6 Bd7 29. h3 Rc5 30. Nd5 Kf7 31. Nc7 Rc6 32.
Qb3+ Kf8 33. Qb4 g6 34. Kh2 Kg7 35. Rd2 Kf8 36. Nd5 Qb8 37. Nxf6 Qc8 38. Nxd7+ Qxd7 39. Qe4 Rc5 40. Qf3+ Kg7 0-1

[Event "*** Titled Tuesday Blitz"]
[Site "Chess.com"]
[Date "2020.12.29"]
[Round "3"]
[White "DrMamaliga"]
[Black "MVM2008"]
[Result "1-0"]
[WhiteElo "2358"]
[BlackElo "2189"]
[TimeControl "180+1"]
[EndTime "10:28:58 PST"]
[Termination "DrMamaliga won on time"]

1. c4 d5 2. cxd5 Nf6 3. Nc3 Nxd5 4. g3 g6 5. Bg2 Nxc3 6. bxc3 Bg7 7. e4 c5 8. Ne2 Nc6 9. O-O Bg4 10. Rb1 Qd3 11. Rxb7 Bxe2 12. Qa4 Qa6 13. Qb3 Bc4 14. Qb1 Bxf1 15.
Bxf1 c4 16. d4 O-O 17. d5 Ne5 18. Rxe7 Qf6 19. Rb7 Nd3 20. Bxd3 cxd3 21. Bd2 Qd6 22. Qxd3 Rfb8 23. Rxb8+ Rxb8 24. Kg2 f5 25. c4 fxe4 26.
Qxe4 Qe5 27. Qf3 Rf8 28. Bf4 Qd4 29. Qe2 Qf6 30. c5 g5 31. Be3 h5 32. Qd2 g4 33.
d6 Qf3+ 34. Kg1 Rb8 35. Qc2 Qd5 36. c6 Bd4 37. c7 Rc8 38. Bxd4 Qxd4 39. Qg6+ Kf8 40.
Qh6+ Kf7 41. Qh7+ Kf6 42. Qh6+ Kf7 43. Qxh5+ Ke6 44. Qxg4+ Kxd6 45. Qxd4+ Kxc7 46. Qc5+ 1-0

[Event "*** Titled Tuesday Blitz"]
[Site "Chess.com"]
[Date "2020.12.29"]
[Round "3"]
[White "FMOlexandrProhorov"]
[Black "Agoking701"]
[Result "0-1"]
[WhiteElo "2160"]
[BlackElo "2344"]
[TimeControl "180+1"]
[EndTime "10:28:59 PST"]
[Termination "Agoking701 won on time"]

1. e4 Nf6 2. e5 Nd5 3. c4 Nb6 4. a4 a5 5. d4 d6 6. exd6 exd6 7.
Nc3 Be7 8. Nf3 O-O 9. h3 Re8 10. Be2 Nc6 11. O-O Bf6 12. Be3 Bf5 13. Qd2 Nb4 14.
Rac1 c6 15. Rfe1 d5 16. b3 Qd7 17. c5 Nc8 18. Bg5 Bxg5 19. Qxg5 f6 20. Qd2 Ne7 21. Nh4 Be6 22. Bd3 Nf5 23. Nf3 Nxd3 24. Qxd3 Re7 25. Re2 Rae8 26. Rce1 Bf7 27. g4 Nh6 28. Nd1 Bg6 29. Qd2 Re4 30. Nh2 f5 31. g5 Nf7 32. Nf3 f4 33. Nc3 Qxh3 34. Nxe4 Bxe4 35. Qxf4 Rf8 36. Qg3 Qxg3+ 37. fxg3 Bxf3 38. Re7 Nxg5 39. Rxb7 Be4 40. Rf1 Nf3+ 41. Kf2 Nxd4+ 42. Ke1 Re8 43. Kd2 Bg6 44. Rf4 Ne6 0-1

[Event "*** Titled Tuesday Blitz"]
[Site "Chess.com"]
[Date "2020.12.29"]
[Round "3"]
[White "dopolian"]
[Black "VladaSviridova"]
[Result "1-0"]
[WhiteElo "2454"]
[BlackElo "2253"]
[TimeControl "180+1"]
[EndTime "10:29:00 PST"]
[Termination "dopolian won by resignation"]

1. Nf3 d5 2. c4 c6 3. cxd5 cxd5 4. d4 Nf6 5. Nc3 Nc6 6. Bf4 a6 7. e3 Bf5 8. Bd3 Bxd3 9. Qxd3 e6 10. O-O Be7 11.
a3 O-O 12. Rac1 Nh5 13. Be5 f6 14. Bg3 Nxg3 15. hxg3 Rc8 16. b4 b5 17. e4 Qd7 18.
exd5 exd5 19. Ne2 Rfd8 20. Nf4 g5 21. Ne2 Bf8 22. Nd2 Ne7 23. Nb3 Rc4 24. Nc5 Qc6 25. Nc3 Ng6 26. Rce1 Bxc5 27. dxc5 Ne5 28. Qf5 Kg7 29.
Rxe5 fxe5 30. Qxg5+ Kf7 31. Qxd8 Rxc3 32. Re1 e4 33.
Qg5 Rxa3 34. Rd1 Rd3 35. Rxd3 exd3 36. Qf5+ Kg7 37. Qxd3 a5 38. Qc3+ Qf6 39. Qxf6+ Kxf6 40. c6 Ke7 41. bxa5 Kd6 42. Kf1 Kxc6 43. f4 b4 44. Ke2 b3 45. Kd3 Kb5 46. Kc3 Ka4 47. a6 d4+ 48. Kb2 d3 49. a7 d2 50. a8=Q+ Kb4 51.
Qd5 1-0

[Event "*** Titled Tuesday Blitz"]
[Site "Chess.com"]
[Date "2020.12.29"]
[Round "3"]
[White "TregubovP"]
[Black "EugeneRougon"]
[Result "1-0"]
[WhiteElo "2577"]
[BlackElo "2755"]
[TimeControl "180+1"]
[EndTime "10:29:01 PST"]
[Termination "TregubovP won by resignation"]

1. e4 e6 2. d4 d5 3. exd5 exd5 4. Nf3 Nf6 5. Bd3 c5 6. c3 c4 7. Bc2 Bd6 8. Qe2+ Qe7 9. Qxe7+ Bxe7 10. Bf4 O-O 11.
b3 cxb3 12. axb3 Nc6 13. O-O Ne4 14. Re1 Be6 15. Nfd2 Nxd2 16. Nxd2 Rfc8 17. Bd3 g5 18. Bg3 h5 19. h3 h4 20. Bh2 Bf6 21. Nf3 Kg7 22.
Kf1 a6 23. Rec1 g4 24. hxg4 Bxg4 25. Bf4 h3 26. Nh2 hxg2+ 27. Kxg2 Be6 28. Kf3 Kf8 29. Ng4 Bg7 30. Ne3 Ne7 31. Bd6 Rc6 32. Bc5 Ke8 33. Rg1 Bf6 34. Ng4 Bxg4+ 35. Rxg4 b6 36. Bb4 a5 37. Bb5 Rc8 38. Bxe7 Kxe7 39. Bxc6 Rxc6 40.
Rc1 b5 41. Ke2 a4 42. bxa4 bxa4 43. Kd3 Ke6 44. Re1+ Kf5 45. Rg3 Ra6 46. Rf3+ Kg6 47. Rg1+ Kh5 48. Rh3+ Bh4 49. Rgh1 a3 50. Rxh4+ Kg6 1-0

[Event "*** Titled Tuesday Blitz"]
[Site "Chess.com"]
[Date "2020.12.29"]
[Round "3"]
[White "Angel_Hranitel_37"]
[Black "IMAghasiyevKamal"]
[Result "0-1"]
[WhiteElo "2414"]
[BlackElo "2612"]
[TimeControl "180+1"]
[EndTime "10:29:01 PST"]
[Termination "IMAghasiyevKamal won by resignation"]

1. d4 d5 2. c4 e6 3. Nf3 Nf6 4. g3 Be7 5. Bg2 O-O 6. O-O c5 7. cxd5 exd5 8. dxc5 Bxc5 9. a3 Nc6 10. b4 Be7 11.
Nc3 Be6 12. Bb2 Rc8 13. Rc1 a6 14. Na4 Ne4 15. Nd4 Nxd4 16. Bxd4 Rxc1 17. Qxc1 Bf6 18. Rd1 Bxd4 19. Rxd4 Qf6 20. Qe3 Rc8 21. Bxe4 dxe4 22.
Nc5 Bf5 23. Kg2 a5 24. Nxe4 Qe6 25. Ng5 Qxe3 26. fxe3 h6 27. Nf3 a4 28. e4 Be6 29.
Rd3 g5 30. Nd4 Bg4 31. Kf2 Rc1 32. Nb5 Rc2 33. Nc3 Kg7 34. Kg2 Bxe2 35. Nxe2 Rxe2+ 36. Kf3 Rxh2 37. Kg4 Rb2 38. Rd7 Kg6 39. Rxb7 Rb3 40.
Rb6+ f6 41. e5 h5+ 42. Kh3 h4 43. Rxf6+ Kh5 44. Rf8 Rxg3+ 45. Kh2 Rxa3 46. e6 Re3 47. Re8 a3 48. b5 a2 49. Ra8 Re2+ 50. Kh1 Re1+ 51. Kh2 a1=Q 52. Rxa1 Rxa1 53. b6 Ra8 54. e7 Kg6 55. b7 Rb8 56. e8=Q+ Rxe8 57. b8=R Rxb8 0-1

[Event "*** Titled Tuesday Blitz"]
[Site "Chess.com"]
[Date "2020.12.29"]
[Round "3"]
[White "Nadeev_Sergey"]
[Black "Dynamikus"]
[Result "1-0"]
[WhiteElo "2456"]
[BlackElo "2729"]
[TimeControl "180+1"]
[EndTime "10:29:02 PST"]
[Termination "Nadeev_Sergey won by resignation"]

1. e4 c6 2. d4 d5 3. Nc3 dxe4 4. Nxe4 Bf5 5. Ng3 Bg6 6. h4 h6 7. Nf3 e6 8. Ne5 Bh7 9. Bd3 Bxd3 10. Qxd3 Nd7 11. f4 Be7 12. h5 Ngf6 13. Bd2 O-O 14.
O-O-O c5 15. Be3 Nd5 16. Nxd7 Qxd7 17. dxc5 Qa4 18. Kb1 Nxf4 19. Qe4 Qxe4 20. Nxe4 Nxg2 21. Bxh6 gxh6 22. Rhg1 Rad8 23. Rxg2+ Kh7 24. Rgd2 Rxd2 25. Rxd2 Rd8 26. Rxd8 Bxd8 27. Nd6 b6 28. c6 Kg7 29.
Ne8+ Kf8 30. c7 Bxc7 31. Nxc7 Ke7 32. Kc1 Kf6 33. Nb5 a6 34. Nd6 b5 35. Kd2 Kg5 36. Nxf7+ Kxh5 37. Ke3 Kg6 38. Ne5+ Kf5 39. Nc6 h5 40.
Nb4 a5 41. Nc6 a4 42. Nd4+ Ke5 43. Nxb5 h4 44. Nc3 h3 45. Kf2 a3 46. bxa3 Kd4 47.
Ne2+ Ke4 48. a4 h2 49. Kg2 Ke3 50. Ng3 Kd4 51. Kxh2 Kc4 52. Ne2 Kb4 53. Kg3 Kxa4 54. Kf4 Ka3 55. c3 Kxa2 56. c4 Kb3 57. c5 1-0

[Event "*** Titled Tuesday Blitz"]
[Site "Chess.com"]
[Date "2020.12.29"]
[Round "3"]
[White "XDPS"]
[Black "DanielNaroditsky"]
[Result "0-1"]
[WhiteElo "2715"]
[BlackElo "3123"]
[TimeControl "180+1"]
[EndTime "10:29:04 PST"]
[Termination "DanielNaroditsky won on time"]

1. e4 g6 2. d4 Bg7 3. Nf3 d6 4. Be2 Nf6 5. Nc3 O-O 6. O-O Bg4 7. Re1 Nc6 8. h3 Bxf3 9. Bxf3 e5 10. Ne2 exd4 11. Nxd4 Nxd4 12. Qxd4 Re8 13. Qb4 Rb8 14. Bg5 Re5 15. Bh4 Qe8 16. Rad1 Rb5 17. Qa3 Nd7 18. c3 a6 19. Be2 Re5 20. f3 Nc5 21. Bf1 Qc6 22. Bg3 Re7 23. Bc4 Be5 24. Bf2 Ne6 25.
Bf1 Rbe8 26. Qb3 b5 27. Qd5 Qxd5 28. Rxd5 c6 29. Rdd1 g5 30. g3 h6 31. Kg2 Rb8 32. a3 a5 33. Be3 b4 34. cxb4 axb4 35. a4 b3 36. a5 c5 37. a6 Ra7 38. Bc4 Rb4 39. Bf1 Bxb2 40. Rxd6 Bc3 41. Rb1 b2 42. Rc6 Bd4 43. Bd2 Ra4 44. Bd3 Ra3 45. Be2 Ra1 46. Bd3 Kg7 47. f4 gxf4 48. gxf4 Nc7 49. e5 Nxa6 50. Bxa6 Rxb1 0-1

[Event "*** Titled Tuesday Blitz"]
[Site "Chess.com"]
[Date "2020.12.29"]
[Round "3"]
[White "Twitch_ElhamBlitz05"]
[Black "horripile"]
[Result "0-1"]
[WhiteElo "2892"]
[BlackElo "2699"]
[TimeControl "180+1"]
[EndTime "10:29:04 PST"]
[Termination "horripile won on time"]

1. e4 d6 2. d4 Nf6 3. Nc3 e5 4. Nf3 Nbd7 5. Be3 c6 6. Qd2 b5 7. a3 Qc7 8. Be2 Be7 9. O-O O-O 10. d5 Bb7 11. dxc6 Bxc6 12. Nxb5 Qb8 13. Nc3 Nxe4 14.
Nxe4 Bxe4 15. b4 Qb7 16. c4 f5 17. Bg5 Nf6 18. Rac1 Rad8 19. Rfe1 h6 20. Bxf6 Bxf6 21. Qe3 Kh8 22. Bf1 g5 23. Nd2 Bc6 24. b5 Be8 25. g3 Bg6 26. Bg2 e4 27. f3 Qg7 28. Kh1 Bd4 29.
Qe2 e3 30. Nb3 Bc3 31. Red1 f4 32. gxf4 gxf4 33. Bh3 Qf6 34. Rg1 Rg8 35. Rcd1 Be5 36. Na5 Qh4 37. Be6 Rg7 38. Nc6 Rf8 39. Nxe5 dxe5 40.
Bd5 e4 41. Rg4 Qh3 42. Rdg1 Qxf3+ 43. Qxf3 exf3 44. Bxf3 Bh5 45. Rxg7 Bxf3+ 46. R1g2 Bxg2+ 47. Kxg2 Kxg7 0-1

[Event "*** Titled Tuesday Blitz"]
[Site "Chess.com"]
[Date "2020.12.29"]
[Round "3"]
[White "elextranjero00"]
[Black "BikingBrian"]
[Result "1-0"]
[WhiteElo "2618"]
[BlackElo "2269"]
[TimeControl "180+1"]
[EndTime "10:29:07 PST"]
[Termination "elextranjero00 won by resignation"]

1. d4 Nf6 2. c4 g6 3. Nc3 Bg7 4. e4 d6 5. Be2 O-O 6. Be3 Na6 7. Nf3 Ng4 8. Bg5 Qe8 9. h3 Nf6 10. O-O e5 11. dxe5 dxe5 12. Qc1 Nc5 13. Nd5 Ncxe4 14. Nxc7 Qd8 15. Nxa8 Nxg5 16. Qxg5 Be6 17. Nxe5 Qxa8 18. Rad1 Ne4 19. Qf4 Qb8 20. Nxg6 hxg6 21. Qxe4 Bf5 22. Qf3 Re8 23. Bd3 Bxd3 24. Rxd3 Qc7 25. b3 b6 26.
Rfd1 Qe5 27. g3 Qb2 28. Rd7 Rf8 29. R1d2 Qa1+ 30. Kg2 Qe5 31. h4 Qc5 32. Re2 Qf5 33. Qxf5 gxf5 34. Rxa7 Bf6 35. Rb7 Bd4 36. Rd2 Bc5 37.
Rd5 Re8 38. Rxf5 Re2 39. Rxc5 bxc5 40. Rc7 Rxa2 41. Rxc5 Rb2 42. Rb5 Kg7 43. g4 Kg6 44. Kg3 f6 45. f3 Rb1 46. h5+ Kg7 47. Kf4 Rf1 48. Rb7+ Kf8 49. c5 Rc1 50. b4 Rc4+ 51. Kf5 Rc3 52. f4 Rc4 53. h6 Kg8 54. g5 fxg5 55. fxg5 Rc1 56. Kg6 Kf8 57. h7 1-0

[Event "*** Titled Tuesday Blitz"]
[Site "Chess.com"]
[Date "2020.12.29"]
[Round "3"]
[White "gahryman"]
[Black "jefferyx"]
[Result "0-1"]
[WhiteElo "2686"]
[BlackElo "2919"]
[TimeControl "180+1"]
[EndTime "10:29:08 PST"]
[Termination "jefferyx won on time"]

1. e4 e6 2. d3 g6 3. f4 Bg7 4. Nf3 Ne7 5. g3 b6 6. Bg2 Bb7 7. O-O O-O 8. Kh1 d6 9. Nc3 c5 10. Qe1 Nbc6 11. g4 Qd7 12. f5 exf5 13. gxf5 Rae8 14.
Qh4 gxf5 15. Bh6 Ng6 16. Qh5 fxe4 17. dxe4 Nce5 18. Rad1 Qg4 19. Qxg4 Nxg4 20. Bxg7 Kxg7 21. Rxd6 Ne3 22. Rf2 Rd8 23. Rfd2 Rxd6 24. Rxd6 Nf4 25. Nh4 Nfxg2 26. Nxg2 Nxc2 27. Nf4 Nd4 28. Rd7 Rb8 29. Ncd5 a5 30. Kg2 Bc6 31. Rd6 a4 32. Nh5+ Kf8 33.
Nhf6 Bxd5 34. Rxd5 Ke7 35. e5 Nf5 36. Rd7+ Ke6 37.
Ra7 Ne3+ 38. Kf3 Nc4 39. Nxh7 Nxe5+ 40. Kf4 f6 41. h4 Rh8 42. h5 Nd7 43. Rxd7 Kxd7 44.
Nxf6+ Ke6 45. Kg5 b5 46. h6 b4 47. h7 c4 48. Kg6 Ke5 49. Nd7+ Kd4 50. Nb6 c3 51.
bxc3+ bxc3 52. Nxa4 c2 53. Nc5 Kxc5 0-1

[Event "*** Titled Tuesday Blitz"]
[Site "Chess.com"]
[Date "2020.12.29"]
[Round "3"]
[White "Jumbo"]
[Black "Ermito2020"]
[Result "0-1"]
[WhiteElo "2832"]
[BlackElo "2642"]
[TimeControl "180+1"]
[EndTime "10:29:08 PST"]
[Termination "Ermito2020 won by resignation"]

1. d4 Nf6 2. c4 g6 3. g3 Bg7 4. Bg2 d6 5. Nf3 O-O 6. Nc3 Nbd7 7. O-O e5 8. e4 exd4 9. Nxd4 Re8 10. Re1 Nc5 11.
Rb1 Ng4 12. h3 Ne5 13. Bf1 Ned3 14. Bxd3 Bxd4 15. Bf1 Qf6 16. Be3 Bxe3 17. Rxe3 Be6 18. b4 Nd7 19. Nb5 Rec8 20. f4 a6 21. Nc3 a5 22. a3 axb4 23. axb4 Ra3 24. Nd5 Bxd5 25. Rxa3 Bxe4 26. Rc1 Re8 27. Re3 Qb2 28. Qe1 f5 29. Qc3 Qxc3 30. Rcxc3 Nf6 31. Ra3 Kf7 32. Ra7 h6 33.
Bg2 Rb8 34. Rea3 Re8 35. Re3 Rb8 36. Rea3 Re8 37. Ra8 Re7 38. Re3 d5 39. cxd5 Nxd5 40.
Re1 Nxb4 41. Bxe4 fxe4 42. Rc8 b6 43. Ra1 e3 44. Kf1 e2+ 45. Kf2 Nd3+ 0-1

[Event "*** Titled Tuesday Blitz"]
[Site "Chess.com"]
[Date "2020.12.29"]
[Round "3"]
[White "Macron20hTF1"]
[Black "MIJuanReyesRosa"]
[Result "1-0"]
[WhiteElo "2472"]
[BlackElo "2060"]
[TimeControl "180+1"]
[EndTime "10:29:08 PST"]
[Termination "Macron20hTF1 won on time"]

1. e4 c5 2. Nf3 e6 3. d4 cxd4 4.
Nxd4 a6 5. Nc3 Qc7 6. f4 Nc6 7.
Nxc6 bxc6 8. Bd3 d5 9. O-O Nf6 10. Qe2 Bc5+ 11. Kh1 O-O 12. Bd2 Rb8 13. Rae1 a5 14.
e5 Nd7 15. f5 Bd4 16. Qg4 Bxe5 17. fxe6 Nf6 18. Rxf6 Bxf6 19. Qf5 fxe6 20. Qxh7+ Kf7 21.
Qg6+ Kg8 22. Qh5 g5 23. Bxg5 Bxg5 24. Qxg5+ Qg7 25. Qh4 Rb4 26. Qh5 Rbf4 27. h3 e5 28. Qxe5 Rf1+ 29. Bxf1 Rxf1+ 30. Kh2 Rxe1 31. Qxe1 Qc7+ 32.
Qg3+ Qxg3+ 33. Kxg3 Kg7 34. Kf4 Kf6 35. g4 Ba6 36. Na4 Bf1 37. h4 d4 38. Nc5 Kf7 39.
Nb3 Bc4 40. Nxd4 Bxa2 41. Nxc6 a4 42. Nd4 1-0

[Event "*** Titled Tuesday Blitz"]
[Site "Chess.com"]
[Date "2020.12.29"]
[Round "3"]
[White "KNCP_719"]
[Black "Piacramling"]
[Result "1-0"]
[WhiteElo "2515"]
[BlackElo "2268"]
[TimeControl "180+1"]
[EndTime "10:29:10 PST"]
[Termination "KNCP_719 won on time"]

1. e4 c5 2. Nf3 a6 3. c3 d5 4. exd5 Qxd5 5. d4 Nf6 6. Be2 e6 7. O-O Be7 8. Be3 Nbd7 9. c4 Qd6 10. h3 O-O 11. Nc3 cxd4 12. Nxd4 Qc7 13. Qc2 b6 14. Bf3 Bb7 15. Bxb7 Qxb7 16. Rfd1 Rac8 17. b3 b5 18.
cxb5 axb5 19. Qb2 b4 20. Na4 Nd5 21. Qe2 Bf6 22. Rac1 Nxe3 23. Qxe3 h6 24. Rxc8 Rxc8 25. Nxe6 Ne5 26. Nf4 Nd7 27. Nh5 Qc6 28. Qg3 Nf8 29. Nc5 Bc3 30. Na4 Bf6 31. Rd6 Qc1+ 32. Kh2 Ba1 33. Nb6 Re8 34. Qf4 Qxf4+ 35. Nxf4 Be5 36. Rd5 Bxf4+ 37. g3 Bg5 38. Nc4 Bf6 39. Rb5 Re2 40.
Kg2 Ne6 41. Rxb4 Rxa2 42. Rb8+ Kh7 43. Rb7 Nd4 44. Rxf7 Rc2 45. Nd6 Rb2 46. Ne4 Be5 47. Re7 1-0

[Event "*** Titled Tuesday Blitz"]
[Site "Chess.com"]
[Date "2020.12.29"]
[Round "3"]
[White "BobbySteen89"]
[Black "SanchezKelvin"]
[Result "1-0"]
[WhiteElo "2120"]
[BlackElo "2463"]
[TimeControl "180+1"]
[EndTime "10:29:11 PST"]
[Termination "BobbySteen89 won by resignation"]

1. e4 c5 2. Nf3 d6 3. d4 cxd4 4. Nxd4 Nf6 5. Nc3 g6 6. f4 Bg7 7. e5 dxe5 8. fxe5 Nfd7 9. e6 Ne5 10.
Bb5+ Kf8 11. exf7 Qxd4 12. Qxd4 Nf3+ 13. gxf3 Bxd4 14. Bh6+ Kxf7 15. Bc4+ Be6 16. Bxe6+ Kxe6 17. Nb5 Bb6 18. O-O-O Nc6 19. Rhe1+ Kf7 20. Rd7 Bc5 21. Rxb7 Rhb8 22. Rxb8 Rxb8 23. Nc3 Bd4 24. Bg5 e5 25. Be3 Nb4 26. a3 Bxc3 27. bxc3 Nd5 28. Bxa7 Ra8 29. Rxe5 Nxc3 30. Bd4 Na4 31. Re4 Rb8 32. Rf4+ Ke6 33. Kd2 Rd8 34. c3 Nb6 35. Rf6+ Ke7 36. Rxb6 Ra8 37. Rb3 Kd7 38. Kd3 Rf8 39. Rb7+ Kc6 40. Rxh7 Rxf3+ 41. Kc4 g5 42. Rg7 g4 43. Rxg4 Rh3 44. Rg2 Rh5 45. Rb2 Rh3 46. Rb6+ Kc7 47. Rg6 Kd7 48. a4 Rxh2 49. a5 Ra2 50. Rg7+ Kc6 51.
Rg6+ Kb7 52. Bb6 Ra4+ 53. Kb5 Ra1 54. Rg7+ Ka8 55. c4 Rb1+ 56. Ka6 Rxb6+ 57. axb6 1-0

[Event "*** Titled Tuesday Blitz"]
[Site "Chess.com"]
[Date "2020.12.29"]
[Round "3"]
[White "The_Chess_Coach"]
[Black "saikrishnaReturns"]
[Result "0-1"]
[WhiteElo "2292"]
[BlackElo "2636"]
[TimeControl "180+1"]
[EndTime "10:29:11 PST"]
[Termination "saikrishnaReturns won on time"]

1. d4 g6 2. c4 Bg7 3. Nf3 Nf6 4. Nc3 O-O 5. e4 d6 6. Be2 e5 7. Be3 Nc6 8. d5 Ne7 9. Nd2 Ne8 10. Qc2 f5 11. f3 f4 12. Bf2 g5 13. c5 h5 14. Nc4 g4 15. cxd6 cxd6 16. Nb5 b6 17.
O-O-O Ba6 18. a4 gxf3 19. gxf3 Rc8 20. Kb1 Qd7 21. Qb3 Bxb5 22. axb5 Nc7 23. Na3 Bf6 24.
Rc1 Kf7 25. Rhg1 Rg8 26. Rxg8 Rxg8 27. Bf1 h4 28. Rc6 Kf8 29. Rc1 Ne8 30. Nc2 h3 31. Nb4 Ng6 32. Nc6 Bh4 33. Bxh4 Nxh4 34. Qa3 Nf6 35.
Nxe5 Qe7 36. Rc8+ Kg7 37. Rxg8+ Nxg8 38. Nc6 Qg5 39. Qxa7+ Kh6 40. Qxb6 Nxf3 41. Qf2 Ne5 42. Nd4 Nf6 43. Ne6 Nxe4 44. Qxf4 Qxf4 45. Nxf4 Nd2+ 46. Kc2 Nxf1 47. b6 Nxh2 48. b7 Nd7 49. Nxh3 Ng4 50.
Kd3 Kg6 51. Kd4 Kf5 52. Ng1 Nge5 53. Ne2 Nb8 54. Nc3 Kf6 55. b4 Ke7 56. b5 Kd7 57. b6 Ke7 58. Ne4 Ned7 0-1

[Event "*** Titled Tuesday Blitz"]
[Site "Chess.com"]
[Date "2020.12.29"]
[Round "3"]
[White "serhanberat_ozdemir"]
[Black "jocmil"]
[Result "0-1"]
[WhiteElo "2324"]
[BlackElo "2533"]
[TimeControl "180+1"]
[EndTime "10:29:12 PST"]
[Termination "jocmil won by resignation"]

1. e4 e6 2. d4 d5 3. Nd2 Nf6 4. e5 Nfd7 5. Bd3 c5 6. c3 Nc6 7. Ngf3 g6 8. O-O Bg7 9. Re1 O-O 10. Nf1 Qb6 11. Bc2 cxd4 12. cxd4 Nb4 13. Bb1 Nb8 14.
a3 N4a6 15. b4 Bd7 16. Be3 Bb5 17. h4 Bxf1 18. Rxf1 Nd7 19. h5 Rac8 20. Ng5 Rc3 21. hxg6 fxg6 22. Nxh7 Kxh7 23. Qh5+ Kg8 24. Bxg6 Rf5 25.
Qh7+ Kf8 26. Bxf5 exf5 27. Qxf5+ Ke8 28. Rac1 Rc6 29. Bg5 Nc7 30. Qh7 Ne6 31. Qg8+ Ndf8 32. Be3 Qd8 33. f4 Qh4 34. Rxc6 bxc6 35. f5 Nxd4 36.
Rf4 Ne2+ 37. Kf1 Nxf4 38. Qxg7 Nd3 39. g3 Qe4 40. Ke2 Nxe5 41. f6 Nf7 42. g4 d4 43.
Qg5 Nxg5 44. Kf2 Qxe3+ 45. Kg2 Qf3+ 46. Kh2 Qh3+ 47. Kg1 Qxg4+ 48. Kf1 Qf5+ 49. Ke1 Qxf6 50. Kd1 Qe6 51. Kd2 Qe5 52. Kd3 Qd5 53. a4 Ne4 0-1

[Event "*** Titled Tuesday Blitz"]
[Site "Chess.com"]
[Date "2020.12.29"]
[Round "3"]
[White "BulletMercenary"]
[Black "AlessiaSanteramo"]
[Result "1-0"]
[WhiteElo "2344"]
[BlackElo "2131"]
[TimeControl "180+1"]
[EndTime "10:29:12 PST"]
[Termination "BulletMercenary won by resignation"]

1. e4 e5 2. Nf3 Nc6 3. d4 exd4 4.
Nxd4 Nf6 5. Nc3 Bb4 6. Nxc6 bxc6 7. Bd3 d5 8. exd5 O-O 9. O-O Bg4 10. f3 Bh5 11. dxc6 Qd4+ 12. Kh1 Bxc3 13. bxc3 Qxc3 14.
Bg5 Bg6 15. Qe1 Qxc6 16. Qh4 Rad8 17. Rad1 Rd6 18. Bf4 Rd4 19. Bxg6 Rxd1 20. Bxh7+ Nxh7 21. Rxd1 Qxc2 22. Rc1 Qxa2 23. Bxc7 Rc8 24. h3 Qd2 25. Rc4 Nf6 26. Bh2 Qd1+ 27. Bg1 Ra8 28. Rc7 a5 29.
Qc4 Qd5 30. Qa4 Rb8 31. Rc5 Qb3 32. Qxa5 Qe6 33. Rg5 Re8 34. Qf5 Qxf5 35. Rxf5 Re6 36. Rg5 Nd5 37. Kh2 Ne7 38. Rg3 f6 39. Rg4 Kf7 40.
Rb4 Nf5 41. Rb2 Kg6 42. g4 Ne7 43. Kg3 Nd5 44. f4 Nc3 45. f5+ Kf7 46. fxe6+ Kxe6 47. Be3 Ne4+ 48. Kf4 Nd6 49. Rb6 g5+ 50. Kf3 Ke5 51. Bd4+ Kd5 52. Rxd6+ 1-0

[Event "*** Titled Tuesday Blitz"]
[Site "Chess.com"]
[Date "2020.12.29"]
[Round "3"]
[White "azikom"]
[Black "Piotrek1979"]
[Result "0-1"]
[WhiteElo "2619"]
[BlackElo "2395"]
[TimeControl "180+1"]
[EndTime "10:29:13 PST"]
[Termination "Piotrek1979 won on time"]

1. d4 Nf6 2. Nf3 g6 3. Bf4 c5 4. e3 Bg7 5. c3 b6 6. Nbd2 Bb7 7.
h3 O-O 8. Bc4 d6 9. O-O a6 10. a4 Nbd7 11. Bh2 Qc7 12. Re1 Bc6 13. Qb3 Qb7 14. Ng5 d5 15. Bf1 b5 16. Ngf3 Ne4 17.
Nxe4 dxe4 18. Nd2 e5 19. axb5 axb5 20. d5 Bxd5 21. Qxb5 Rab8 22. Qxb7 Rxb7 23. Reb1 Rfb8 24. Bc4 Bc6 25. Ra2 Kf8 26. g4 Nb6 27. Ba6 Ra7 28.
Rba1 Rba8 29. Bc4 Rxa2 30. Rxa2 Rxa2 31. Bxa2 Na4 32. Nc4 Bd5 33. Bb3 Nxb2 34. Nd2 Bxb3 35. Nxb3 c4 36. Nd2 f5 37. gxf5 gxf5 38. Kf1 Ke7 39.
Ke2 Ke6 40. Nb1 Kd5 41. Na3 Bf8 42. Nc2 Bd6 43. Ne1 f4 44. Nc2 Na4 45. Kd2 Nb2 46. Ne1 Nd3 47. Nxd3 exd3 0-1

[Event "*** Titled Tuesday Blitz"]
[Site "Chess.com"]
[Date "2020.12.29"]
[Round "3"]
[White "Chernov_Alexander_A"]
[Black "NiranjanNavalgund"]
[Result "0-1"]
[WhiteElo "2308"]
[BlackElo "2484"]
[TimeControl "180+1"]
[EndTime "10:29:13 PST"]
[Termination "NiranjanNavalgund won on time"]

1. d4 Nf6 2. Nf3 b5 3. Bf4 a6 4. e3 Bb7 5. Be2 e6 6. O-O d6 7.
a4 b4 8. c4 a5 9. Nbd2 Nbd7 10. Bd3 c5 11. h3 Be7 12. Bh2 O-O 13. Qc2 Rc8 14. Rad1 Re8 15. d5 exd5 16. cxd5 Bxd5 17. Nc4 Bxf3 18. gxf3 d5 19. Ne5 Nxe5 20. Bxe5 h6 21.
Bb5 Rf8 22. Kh1 c4 23. Rg1 Qb6 24. Qf5 Qe6 25. Qf4 Qxh3+ 26. Qh2 Qxf3+ 27. Qg2 Qxg2+ 28. Rxg2 Kh8 29. Rdg1 Rg8 30. f4 Kh7 31. Bd7 Rcd8 32.
Bf5+ Kh8 33. Rh2 Rb8 34. Rg3 Rb6 35. Rgh3 Bd8 36. Rg3 c3 37. bxc3 bxc3 38. Rc2 Rb1+ 39. Kg2 Rb2 40. Rxb2 cxb2 41. Bxb2 Bb6 42. Kf3 Re8 43. Kf2 d4 44. exd4 Nd5 45. Rf3 g6 46. Bd3 f5 47. Bb5 Re7 48. Kg3 Re4 49. Rb3 Rxf4 0-1